 Dungeon Crawl Stone Soup version 0.28-b1-25-g9875b3fc8c (webtiles) character file.

Game seed: 8125922275246799245

161 crazypyro the Skirmisher (level 5, 0/42 HPs)
             Began as a Demonspawn Fighter on Jan 31, 2022.
             Slain by an ufetubus (2 damage)
             ... summoned by Eustachio
             ... on level 4 of the Dungeon.
             The game lasted 00:03:42 (2735 turns).

crazypyro the Skirmisher (Demonspawn Fighter)       Turns: 2735, Time: 00:03:44

Health: 0/42       AC:  8    Str: 19    XL:     5   Next: 19%
Magic:  5/5        EV:  9    Int:  9    God:
Gold:   259        SH:  9    Dex: 18    Spells: 4/4 levels left

rFire   . . .      SeeInvis .   a - +0 rapier
rCold   . . .      Faith    .   c - +0 buckler
rNeg    . . .      Spirit   .   b - +0 scale mail
rPois   .          Reflect  .   n - +0 helmet
rElec   .          Harm     .   (no cloak)
rCorr   .          Rampage  .   (no gloves)
Will    .....                   (no boots)
Stlth   ..........              (no amulet)
HPRegen 0.14/turn               o - +6 ring of dexterity
MPRegen 0.09/turn               (no ring)

@: no status effects
A: large bone plates 1, foul stench 1, powered by death 1
a: no special abilities


You were on level 4 of the Dungeon.
You visited 1 branch of the dungeon, and saw 4 of its levels.

You collected 259 gold pieces.

Inventory:

Hand Weapons
 a - a +0 rapier (weapon)
Armour
 b - a +0 scale mail (worn)
 c - a +0 buckler (worn)
 f - a scarf of harm
 n - a +0 helmet (worn)
Jewellery
 o - a +6 ring of dexterity (left hand)
Scrolls
 e - a scroll of blinking {unknown}
 i - a scroll of immolation {unknown}
 j - 3 scrolls of identify {unknown}
 l - a scroll of enchant weapon {unknown}
Potions
 d - a potion of might
 g - a potion of ambrosia {unknown}
 h - a potion of mutation {unknown}
 k - a potion of cancellation {unknown}
 m - 2 potions of heal wounds {unknown}


   Skills:
 + Level 3.9 Fighting
 + Level 2.9 Short Blades
 + Level 3.5 Armour
 + Level 3.5 Shields


You had 4 spell levels left.
You didn't know any spells.
Your spell library contained the following spells:

 Spells                   Type           Power      Damage    Failure   Level
 Ensorcelled Hibernation  Hex/Ice        0%         N/A       93%         2
 Spider Form              Tmut/Pois      0%         N/A       99%         3
 Anguish                  Hex/Necr       0%         N/A       100%        4


Dungeon Overview and Level Annotations

Branches:
Dungeon (4/15)
 Temple: D:4-7

Altars:
Kikubaaqudgha

Shops:
D:3 =

Annotations:
D:4 Eustachio


Innate Abilities, Weirdness & Mutations

You are partially covered in large bone plates. (SH +4)
You may rarely emit foul miasma when damaged in melee.
You regenerate a little health from kills.


Message History

Eustachio barely misses you.
You puncture Eustachio!
Eustachio is heavily wounded.
The bat hits you but does no damage. The quokka barely misses you.
You block Eustachio's attack. The quokka completely misses you.
You hit Eustachio.
Eustachio is heavily wounded.
Eustachio mumbles some strange words.
Eustachio blinks!
You block the bat's attack.
The quokka bites you but does no damage.
The bat closely misses you.
Eustachio mumbles some strange words.
Eustachio blinks!
Eustachio gestures wildly while chanting.
The quasit disappears in a puff of smoke!
You block the ufetubus's attack.
The ufetubus hits you but does no damage.
Eustachio gestures wildly while chanting.
You block the bat's attack.
You are too injured to fight recklessly!
You are too injured to fight recklessly!
The bat closely misses you.
You hit the bat.
The bat is moderately wounded.
The bat closely misses you. The ufetubus hits you.
* * * LOW HITPOINT WARNING * * *
The ufetubus hits you.
* * * LOW HITPOINT WARNING * * *
You barely miss the bat.
The bat is moderately wounded.
The bat hits you but does no damage. The ufetubus closely misses you.
You block the ufetubus's attack. The bat misses you. The ufetubus hits you.
* * * LOW HITPOINT WARNING * * *
You emit a cloud of foul miasma!
The ufetubus hits you but does no damage.
The ufetubus hits you.
* * * LOW HITPOINT WARNING * * *
The ufetubus hits you.
You die...

...########...(.
#...........# ##...)#
#5..#....... ##.#####.....
#.r# .... ##. ###@## ...
#.. ##.5r# .. ##..
##.@#######.. .
...###########..#.b.......
.....<........)..)########
....#######.#######
....#######.#
.†...)......#
.....<......#
............#
.>..........#


You could see Eustachio, a shadow imp (summoned), an ufetubus (summoned), 2
quokkas and a bat (summoned).

Vanquished Creatures
  A wyvern skeleton (D:3)
  4 adders
  2 dart slugs
  2 orcs (D:4)
  10 ball pythons
  3 endoplasms
  3 giant cockroaches
  8 goblins
  5 hobgoblins
  2 jackals (D:3)
  8 kobolds
  5 quokkas (D:1)
  2 bats
  2 frilled lizards
  5 rats
62 creatures vanquished.

Notes
Turn   | Place    | Note
-------+----------+-------------------------------------------
     0 | D:1      | crazypyro the Demonspawn Fighter began the quest for the
                  | Orb.
     0 | D:1      | Reached XP level 1. HP: 18/18 MP: 1/1
   141 | D:1      | Gained mutation: You are partially covered in large bone
                  | plates. (SH +4) [demonic ancestry]
   141 | D:1      | Reached XP level 2. HP: 23/24 MP: 2/2
  1148 | D:2      | Gained mutation: You regenerate a little health from kills.
                  | [demonic ancestry]
  1148 | D:2      | Reached XP level 3. HP: 28/29 MP: 3/3
  1580 | D:2      | Found an ancient bone altar of Kikubaaqudgha.
  1817 | D:2      | Gained mutation: You may rarely emit foul miasma when
                  | damaged in melee. [demonic ancestry]
  1817 | D:2      | Reached XP level 4. HP: 34/35 MP: 4/4
  1990 | D:3      | Found Wonimul's Jewellery Boutique.
  2255 | D:3      | Reached XP level 5. HP: 42/42 MP: 5/5
  2701 | D:4      | Noticed Eustachio
  2735 | D:4      | HP: 2/42 [ufetubus[Eustachio] (3)]
  2735 | D:4      | Slain by an ufetubus

Illustrated notes

Levels and vault maps discovered:
D:1:      tarquinn_simple_flora_water_c, layout_loops_corners
D:2:      layout_basic, basic_altar, kennysheep_generic_room_11
D:3:      layout_loops_ring, serial_shops, nicolae_square_shop,
          wander_ebering_terrifying_dragon_lair
D:4:      layout_rooms, uniq_eustachio, uniq_edmund, uniq_natasha

Skill      XL: |  1  2 |
---------------+-------+-----
Short Blades   | 2 |  2.9
Shields        | 3 |  3.5
Armour         | 3 |  3.5
Fighting       | |  3.9

Action                   |  1- 3 |  4- 6 || total
-------------------------+-------+-------++-------
Melee: Rapier            |   136 |    75 ||   211
Armor: Scale mail        |    54 |    30 ||    84
Dodge: Dodged            |    66 |    37 ||   103
Block: Buckler           |    71 |    44 ||   115
